APP
BOSTON (APP) RED SOX @ GREAT FALLS VOYAGERS
08/23/2046
 
TOP OF THE 1ST
Boston (APP) Red Sox batting - Pitching for Great Falls Voyagers : LHP Amari Miller
Pitching: LHP Amari Miller
Batting: RHB Aukukero Tairi 0-0: Swinging Strike
0-1: Ground out 6-3 (Groundball, 6, EV 103.1 MPH)
Batting: RHB Tony Nunez 0-0: Ball
1-0: Called Strike
1-1: Ball
2-1: SOLO HOME RUN (Flyball, 78XD, EV 103.8 MPH), Distance : 434 ft
Batting: RHB Dave Burwell 0-0: Ball
1-0: Ball
2-0: Ball
3-0: Called Strike
3-1: Base on Balls
Batting: RHB Alex Melendez 0-0: Ball
1-0: Foul Ball, location: 2F
1-1: Ball
2-1: Ball
3-1: Base on Balls
Dave Burwell to second
Batting: SHB Salvador Padilla 0-0: SINGLE (Groundball, 4MD, EV 100.0 MPH)
Dave Burwell to third
Alex Melendez to second
Batting: RHB John Doucette 0-0: Called Strike
0-1: Foul Ball, location: 2F
0-2: Ball
1-2: Ball
2-2: Foul Ball, location: 2F
2-2: Ball
3-2: Base on Balls
Dave Burwell scores
Alex Melendez to third
Salvador Padilla to second
Batting: RHB Joe Booth 0-0: Called Strike
0-1: Foul Ball, location: 2F
0-2: Ball
1-2: Grounds into fielders choice U2 (Groundball, 13S, EV 76.2 MPH)
Salvador Padilla to third
John Doucette to second
Batting: RHB Miguel Villanueva 0-0: Foul Ball, location: 2F
0-1: Ball
1-1: Called Strike
1-2: Foul Ball, location: 2F
1-2: Foul Ball, location: 2F
1-2: Ball
2-2: GRAND SLAM HOME RUN (Flyball, 7D, EV 99.4 MPH), Distance : 381 ft
Batting: RHB Mario Arriero 0-0: Called Strike
0-1: Ball
1-1: Ball
2-1: Ball
3-1: Foul Ball, location: 2F
3-2: Fly out, F8 (Flyball, 89D, EV 90.6 MPH)
Top of the 1st over - 6 runs, 3 hits, 0 errors, 0 left on base; Boston (APP) 6 - Great Falls 0
BOTTOM OF THE 1ST
Great Falls Voyagers batting - Pitching for Boston (APP) Red Sox : RHP Ryuhei Shimabukuro
Pitching: RHP Ryuhei Shimabukuro
Batting: SHB Jay Gagnon 0-0: Fly out, F9 (Flyball, 9S, EV 85.6 MPH)
Batting: RHB Mike Rosa 0-0: Ball
1-0: Ball
2-0: Called Strike
2-1: Ground out 6-3 (Groundball, 6S, EV 90.6 MPH)
Batting: LHB Jeff Alphonso 0-0: Ball
1-0: Ball
2-0: Called Strike
2-1: Called Strike
2-2: Ball
3-2: Foul Ball, location: 2F
3-2: Foul Ball, location: 2F
3-2: Strikes out looking
Bottom of the 1st over - 0 runs, 0 hits, 0 errors, 0 left on base; Boston (APP) 6 - Great Falls 0
TOP OF THE 2ND
Boston (APP) Red Sox batting - Pitching for Great Falls Voyagers : LHP Amari Miller
Batting: RHB Aukukero Tairi 0-0: Ball
1-0: Foul Ball, location: 2F
1-1: Foul Ball, location: 2F
1-2: Foul Ball, location: 2F
1-2: Strikes out looking
Batting: RHB Tony Nunez 0-0: Ground out 3-1 (Groundball, 34, EV 89.4 MPH)
Batting: RHB Dave Burwell 0-0: Called Strike
0-1: Called Strike
0-2: Ball
1-2: Foul Ball, location: 2F
1-2: Fly out, F8 (Line Drive, 78S, EV 87.5 MPH)
Top of the 2nd over - 0 runs, 0 hits, 0 errors, 0 left on base; Boston (APP) 6 - Great Falls 0
BOTTOM OF THE 2ND
Great Falls Voyagers batting - Pitching for Boston (APP) Red Sox : RHP Ryuhei Shimabukuro
Batting: SHB Ethan Villalobos 0-0: Called Strike
0-1: Ball
1-1: DOUBLE (Groundball, 5L, EV 94.4 MPH)
Batting: RHB Andy Cotton 0-0: Swinging Strike
0-1: Ball
1-1: Ground out 4-3 (Groundball, 4, EV 106.2 MPH)
Ethan Villalobos to third
Batting: RHB David Rhodes 0-0: Ball
1-0: Swinging Strike
1-1: Foul Ball, location: 2F
1-2: Ball
2-2: Ball
Passed Ball!
Ethan Villalobos scores
3-2: Base on Balls
Batting: RHB Billy Grubbs 0-0: Ball
1-0: Called Strike
1-1: Swinging Strike
1-2: Strikes out swinging
Batting: RHB Kasey Bland 0-0: Ball
1-0: Ball
2-0: Called Strike
2-1: Foul Ball, location: 2F
2-2: Foul Ball, location: 2F
2-2: Foul Ball, location: 2F
2-2: Foul Ball, location: 2F
2-2: Ball
Wild Pitch!
David Rhodes to second
3-2: Ground out 3-1 (Groundball, 34, EV 91.9 MPH)
Bottom of the 2nd over - 1 run, 1 hit, 0 errors, 1 left on base; Boston (APP) 6 - Great Falls 1
TOP OF THE 3RD
Boston (APP) Red Sox batting - Pitching for Great Falls Voyagers : LHP Amari Miller
Batting: RHB Alex Melendez 0-0: Called Strike
0-1: Ball
1-1: Called Strike
1-2: Foul Ball, location: 2F
1-2: Ground out 5-3 (Groundball, 5, EV 90.6 MPH)
Pitching: LHP Ray Sowers
Batting: SHB Salvador Padilla 0-0: Called Strike
0-1: Ball
1-1: Ground out 6-3 (Groundball, 6, EV 100.6 MPH)
Batting: RHB John Doucette 0-0: Fly out, F7 (Flyball, 7D, EV 103.8 MPH)
Top of the 3rd over - 0 runs, 0 hits, 0 errors, 0 left on base; Boston (APP) 6 - Great Falls 1
BOTTOM OF THE 3RD
Great Falls Voyagers batting - Pitching for Boston (APP) Red Sox : RHP Ryuhei Shimabukuro
Batting: RHB Vladmiri Nugaibekov 0-0: Ball
1-0: Called Strike
1-1: SINGLE (Flyball, 3D, EV 98.1 MPH)
Batting: SHB Jay Gagnon 0-0: Called Strike
0-1: Ball
1-1: Foul Ball, location: 2F
1-2: Ball
2-2: Ball
3-2: Base on Balls
Vladmiri Nugaibekov to second
Batting: RHB Mike Rosa 0-0: Ball
1-0: Called Strike
1-1: Ball
2-1: Foul Ball, location: 2F
2-2: Strikes out swinging
Batting: LHB Jeff Alphonso 0-0: Ball
1-0: Grounds into double play, 6-4-3 (Groundball, 6, EV 84.4 MPH)
Bottom of the 3rd over - 0 runs, 1 hit, 0 errors, 1 left on base; Boston (APP) 6 - Great Falls 1
TOP OF THE 4TH
Boston (APP) Red Sox batting - Pitching for Great Falls Voyagers : LHP Ray Sowers
Batting: RHB Joe Booth 0-0: Ball
1-0: Ball
2-0: Called Strike
2-1: Foul Ball, location: 2F
2-2: Ball
3-2: Foul Ball, location: 2F
3-2: Foul Ball, location: 2F
3-2: Base on Balls
Batting: RHB Miguel Villanueva 0-0: Foul Ball, location: 2F
0-1: Ball
1-1: Swinging Strike
1-2: Ball
2-2: Strikes out swinging
Batting: RHB Mario Arriero 0-0: Ball
Joe Booth steals 2nd base (no throw)
1-0: Ball
2-0: Ball
3-0: Called Strike
3-1: Called Strike
3-2: Strikes out swinging
Pitching: LHP Yusufu Mustafa
Batting: RHB Aukukero Tairi 0-0: Ball
1-0: Fly out, F6 (Popup, 6M, EV 61.9 MPH)
Top of the 4th over - 0 runs, 0 hits, 0 errors, 1 left on base; Boston (APP) 6 - Great Falls 1
BOTTOM OF THE 4TH
Great Falls Voyagers batting - Pitching for Boston (APP) Red Sox : RHP Ryuhei Shimabukuro
Batting: SHB Ethan Villalobos 0-0: SOLO HOME RUN (Flyball, 7LD, EV 96.2 MPH), Distance : 359 ft
Batting: RHB Andy Cotton 0-0: Ball
1-0: Foul Ball, location: 2F
1-1: Ball
2-1: Ball
3-1: Swinging Strike
3-2: Foul Ball, location: 2F
3-2: Foul Ball, location: 2F
3-2: SINGLE (Line Drive, 8RS, EV 100.6 MPH)
Batting: RHB David Rhodes 0-0: Grounds out, U3 (Groundball, 3L, EV 80.0 MPH)
Batting: RHB Billy Grubbs 0-0: Called Strike
0-1: Ball
1-1: Swinging Strike
1-2: Strikes out swinging
Batting: RHB Kasey Bland 0-0: Ball
1-0: Ground out 6-3 (Groundball, 6, EV 80.0 MPH)
Bottom of the 4th over - 1 run, 2 hits, 0 errors, 1 left on base; Boston (APP) 6 - Great Falls 2
TOP OF THE 5TH
Boston (APP) Red Sox batting - Pitching for Great Falls Voyagers : LHP Yusufu Mustafa
Batting: RHB Tony Nunez 0-0: Called Strike
0-1: Foul Ball, location: 2F
0-2: Strikes out looking
Batting: RHB Dave Burwell 0-0: Swinging Strike
0-1: Ball
1-1: Foul Ball, location: 2F
1-2: Ball
2-2: Strikes out swinging
Batting: RHB Alex Melendez 0-0: Ball
1-0: SINGLE (Groundball, 6MD, EV 99.4 MPH)
Batting: SHB Salvador Padilla 0-0: Ball
1-0: Called Strike
1-1: Ball
2-1: DOUBLE (Line Drive, 89XD, EV 98.8 MPH)
Alex Melendez to third
Batting: RHB John Doucette 0-0: Called Strike
0-1: Ball
1-1: Ball
2-1: Ball
3-1: SINGLE (Groundball, 56D, EV 111.9 MPH)
Alex Melendez scores
Salvador Padilla to third
Runner from 3rd tries for Home, throw by LF and OUT! 7-2
Top of the 5th over - 1 run, 3 hits, 0 errors, 1 left on base; Boston (APP) 7 - Great Falls 2
BOTTOM OF THE 5TH
Great Falls Voyagers batting - Pitching for Boston (APP) Red Sox : RHP Ryuhei Shimabukuro
Batting: RHB Vladmiri Nugaibekov 0-0: Ball
1-0: Foul Ball, location: 2F
1-1: SINGLE (Flyball, 3D, EV 88.8 MPH)
Batting: SHB Jay Gagnon 0-0: Ball
1-0: Ball
2-0: Ball
3-0: Base on Balls
Vladmiri Nugaibekov to second
Batting: RHB Mike Rosa 0-0: Called Strike
0-1: Ball
1-1: Ball
2-1: Swinging Strike
2-2: TRIPLE (Line Drive, 7D, EV 108.8 MPH)
Vladmiri Nugaibekov scores
Jay Gagnon scores
Pitching: RHP Tyler Tomblin
Batting: LHB Jeff Alphonso 0-0: Ball
1-0: Called Strike
1-1: Foul Ball, location: 2F
1-2: Strikes out looking
Batting: SHB Ethan Villalobos 0-0: Swinging Strike
0-1: Called Strike
0-2: Strikes out swinging
Batting: RHB Andy Cotton 0-0: Called Strike
0-1: Ball
1-1: Ball
2-1: Swinging Strike
2-2: Ball
3-2: Foul Ball, location: 2F
3-2: Strikes out looking
Bottom of the 5th over - 2 runs, 2 hits, 0 errors, 1 left on base; Boston (APP) 7 - Great Falls 4
TOP OF THE 6TH
Boston (APP) Red Sox batting - Pitching for Great Falls Voyagers : LHP Yusufu Mustafa
Batting: RHB Joe Booth 0-0: Called Strike
0-1: Called Strike
0-2: Strikes out looking
Batting: RHB Miguel Villanueva 0-0: Called Strike
0-1: Called Strike
0-2: Ball
1-2: Strikes out swinging
Batting: RHB Mario Arriero 0-0: Ball
1-0: Fly out, F8 (Flyball, 89S, EV 75.0 MPH)
Top of the 6th over - 0 runs, 0 hits, 0 errors, 0 left on base; Boston (APP) 7 - Great Falls 4
BOTTOM OF THE 6TH
Great Falls Voyagers batting - Pitching for Boston (APP) Red Sox : RHP Tyler Tomblin
Batting: RHB David Rhodes 0-0: Called Strike
0-1: Ball
1-1: Reached on error, E8 (Flyball, 8LD, EV 97.5 MPH)
Batting: RHB Billy Grubbs 0-0: Ball
1-0: Ball
2-0: Swinging Strike
2-1: Foul Ball, location: 2F
2-2: Ball
3-2: Base on Balls
David Rhodes to second
Batting: RHB Kasey Bland 0-0: Called Strike
0-1: Swinging Strike
0-2: Foul Ball, location: 2F
0-2: Hit by Pitch
David Rhodes to third
Billy Grubbs to second
Pitching: LHP Anton Lara
Batting: RHB Vladmiri Nugaibekov 0-0: DOUBLE (Line Drive, 89D, EV 105.6 MPH)
David Rhodes scores
Billy Grubbs scores
Kasey Bland to third
Batting: SHB Jay Gagnon 0-0: Fly out, F9 (Flyball, 9, EV 95.0 MPH)
Runner from 3rd tags up, SCORES, no throw by RF
Batting: RHB Mike Rosa 0-0: Ground out U3 (Groundball, 3, EV 88.1 MPH)
Vladmiri Nugaibekov to third
Batting: LHB Jeff Alphonso 0-0: Ball
1-0: Ball
Passed Ball!
Vladmiri Nugaibekov scores
2-0: Called Strike
2-1: Ball
3-1: Base on Balls
Batting: SHB Ethan Villalobos 0-0: 2-RUN HOME RUN (Flyball, 7LD, EV 95.6 MPH), Distance : 356 ft
Pitching: RHP Dan Jenkins
Batting: RHB Andy Cotton 0-0: Ball
1-0: Called Strike
1-1: Foul Ball, location: 2F
1-2: SINGLE (Groundball, 56S, EV 63.1 MPH) (infield hit)
Batting: RHB David Rhodes 0-0: Called Strike
Andy Cotton steals 2nd base
0-1: Foul Ball, location: 2F
0-2: Ball
1-2: Strikes out swinging
Bottom of the 6th over - 6 runs, 3 hits, 1 error, 1 left on base; Boston (APP) 7 - Great Falls 10
TOP OF THE 7TH
Boston (APP) Red Sox batting - Pitching for Great Falls Voyagers : LHP Yusufu Mustafa
Batting: RHB Aukukero Tairi 0-0: Ball
1-0: Foul Ball, location: 2F
1-1: Ball
2-1: Swinging Strike
2-2: Ball
3-2: Strikes out looking
Pitching: RHP Alec Guglielmo
Batting: RHB Tony Nunez 0-0: Called Strike
0-1: Ball
1-1: Ground out U3 (Groundball, 34S, EV 91.2 MPH)
Batting: RHB Dave Burwell 0-0: Ball
1-0: Foul Ball, location: 2F
1-1: Ball
2-1: Ball
3-1: Called Strike
3-2: Foul Ball, location: 2F
3-2: Foul Ball, location: 2F
3-2: Base on Balls
Batting: RHB Alex Melendez 0-0: Ball
1-0: Fly out, F8 (Flyball, 8RD, EV 80.6 MPH)
Top of the 7th over - 0 runs, 0 hits, 0 errors, 1 left on base; Boston (APP) 7 - Great Falls 10
BOTTOM OF THE 7TH
Great Falls Voyagers batting - Pitching for Boston (APP) Red Sox : RHP Dan Jenkins
Batting: RHB Billy Grubbs 0-0: Ball
1-0: Called Strike
1-1: SOLO HOME RUN (Flyball, 9D, EV 98.8 MPH), Distance : 377 ft
Batting: RHB Kasey Bland 0-0: Called Strike
0-1: Foul Ball, location: 2F
0-2: Ball
1-2: Ball
2-2: SINGLE (Groundball, 34D, EV 100.6 MPH)
Batting: RHB Vladmiri Nugaibekov 0-0: Foul Ball, location: 2F
0-1: Ball
1-1: Ball
Kasey Bland steals 2nd base (no throw)
2-1: Called Strike
2-2: Strikes out swinging
Batting: SHB Jay Gagnon 0-0: Ball
1-0: Ball
2-0: Called Strike
2-1: Foul Ball, location: 2F
2-2: Foul Ball, location: 2F
2-2: Ball
3-2: Foul Ball, location: 2F
3-2: Foul Ball, location: 2F
3-2: Fly out, F6 (Line Drive, 4M, EV 70.0 MPH)
Batting: RHB Mike Rosa 0-0: Called Strike
0-1: Ball
1-1: Ball
2-1: Foul Ball, location: 2F
2-2: Ground out 5-3 (Groundball, 5, EV 86.2 MPH)
Bottom of the 7th over - 1 run, 2 hits, 0 errors, 1 left on base; Boston (APP) 7 - Great Falls 11
TOP OF THE 8TH
Boston (APP) Red Sox batting - Pitching for Great Falls Voyagers : RHP Alec Guglielmo
Batting: SHB Salvador Padilla 0-0: Called Strike
0-1: Ground out U3 (Groundball, 3, EV 86.9 MPH)
Pinch Hitting: LHB Carlos Guerra 0-0: Ball
1-0: Ground out U3 (Groundball, 34, EV 105.0 MPH)
Batting: RHB Joe Booth 0-0: Ball
1-0: Called Strike
1-1: Ball
2-1: Foul Ball, location: 2F
2-2: Strikes out swinging
Top of the 8th over - 0 runs, 0 hits, 0 errors, 0 left on base; Boston (APP) 7 - Great Falls 11
BOTTOM OF THE 8TH
Great Falls Voyagers batting - Pitching for Boston (APP) Red Sox : RHP Dan Jenkins
Now at 1B: Salvador Padilla
Now at 2B: Carlos Guerra
Batting: LHB Jeff Alphonso 0-0: Called Strike
0-1: Foul Ball, location: 2F
0-2: Ball
1-2: Foul Ball, location: 2F
1-2: Ball
2-2: Ball
3-2: Base on Balls
Batting: SHB Ethan Villalobos 0-0: Called Strike
0-1: Ball
1-1: Ball
2-1: Foul Ball, location: 2F
2-2: Ball
3-2: Strikes out looking
Pitching: RHP Paul Carter
Batting: RHB Andy Cotton 0-0: Swinging Strike
0-1: Ball
1-1: Swinging Strike
1-2: Foul Ball, location: 2F
1-2: Ball
Wild Pitch!
Jeff Alphonso to second
2-2: Foul Ball, location: 2F
2-2: Ball
3-2: Strikes out swinging, 2-3 out at first.
Batting: RHB David Rhodes 0-0: Ball
1-0: Swinging Strike
1-1: Called Strike
1-2: Ball
2-2: Foul Ball, location: 2F
2-2: Ball
3-2: Strikes out swinging
Bottom of the 8th over - 0 runs, 0 hits, 0 errors, 1 left on base; Boston (APP) 7 - Great Falls 11
TOP OF THE 9TH
Boston (APP) Red Sox batting - Pitching for Great Falls Voyagers : RHP Alec Guglielmo
Batting: RHB Miguel Villanueva 0-0: Foul Ball, location: 2F
0-1: Ball
1-1: Swinging Strike
1-2: Foul Ball, location: 2F
1-2: Ball
2-2: Foul Ball, location: 2F
2-2: Foul Ball, location: 2F
2-2: Ball
3-2: Strikes out swinging
Pitching: RHP Chris Worster
Batting: RHB Mario Arriero 0-0: Ground out 5-3 (Groundball, 56S, EV 85.6 MPH)
Batting: RHB Aukukero Tairi 0-0: Ball
1-0: Ball
2-0: Fly out, F9 (Flyball, 9LMF, EV 100.6 MPH)
Top of the 9th over - 0 runs, 0 hits, 0 errors, 0 left on base; Boston (APP) 7 - Great Falls 11
Tuesday, September 13th , 2022 - OOTP Baseball 23.7 Build 88